 Dungeon Crawl Stone Soup version 0.21.0-3-g78d12a8 (webtiles) character file.

370 Mgcat the Chopper (level 7, -2/78 HPs)
             Began as a Human Berserker on Jan 10, 2018.
             Was a Believer of Trog.
             Slain by a worker ant (3 damage)
             ... on level 4 of the Dungeon.
             The game lasted 00:06:33 (3137 turns).

Mgcat the Chopper (Human Berserker)                 Turns: 3137, Time: 00:06:34

Health: -2/78      AC:  8    Str: 23    XL:     7   Next: 2%
Magic:  7/7        EV:  9    Int:  7    God:    Trog [**....]
Gold:   180        SH:  0    Dex: 14    Spells: 6/6 levels left

rFire    . . .     SeeInvis .   p - +2 mace (crush)
rCold    . . .     Gourm    .   (no shield)
rNeg     + . .     Faith    .   n - +0 chain mail
rPois    .         Spirit   .   (no helmet)
rElec    .         Reflect  .   (no cloak)
rCorr    .         Harm     .   (no gloves)
MR       ++...                  (no boots)
Stlth    ..........             (no amulet)
HPRegen  1.23/turn              r - ring of positive energy
MPRegen  0.10/turn              (no ring)

@: berserking, lethally poisoned (-2 -> -3), regenerating, very quick
A: no striking features
a: Berserk, Trog's Hand, Burn Spellbooks, Renounce Religion


You were on level 4 of the Dungeon.
You worshipped Trog.
Trog was pleased with you.
You were very hungry.

You visited 1 branch of the dungeon, and saw 4 of its levels.

You collected 180 gold pieces.

Inventory:

Hand Weapons
 b - a +0 war axe
 p - a +2 mace of crushing (weapon)
Armour
 n - a +0 chain mail (worn)
Jewellery
 r - a ring of positive energy (left hand)
Scrolls
 a - a scroll of fear {unknown}
 i - 2 scrolls of enchant weapon
 k - a scroll of amnesia
 m - 5 scrolls of identify
 q - a scroll of remove curse
 s - a scroll of teleportation {unknown}
Potions
 d - a potion of resistance {unknown}
 e - a potion of agility {unknown}
 f - a potion of magic {unknown}
 h - 2 potions of curing
 j - a potion of haste {unknown}
 l - a potion of berserk rage {unknown}
 o - a potion of ambrosia {unknown}
Comestibles
 c - 5 rations
 g - a chunk of flesh


   Skills:
 - Level 3.0 Fighting
 + Level 7.3 Axes
 - Level 2.0 Armour
 - Level 2.0 Dodging


You had 6 spell levels left.
You didn't know any spells.

Dungeon Overview and Level Annotations

Branches:
Dungeon (4/15)
 Temple: D:4-7

Altars:
Ru
Uskayaw


Message History

A red film seems to cover your vision as you go berserk!
You feel yourself moving faster!
You feel mighty!
You are feeling very hungry.
The worker ant bites you.
* * * LOW HITPOINT WARNING * * *
The worker ant bites you.
* * * LOW HITPOINT WARNING * * *
You are more poisoned.
The worker ant poisons you!
You sock the worker ant!
The worker ant is severely wounded.
You feel sick. The worker ant bites you.
* * * LOW HITPOINT WARNING * * *
You are lethally poisoned!
The worker ant poisons you!
You closely miss the worker ant.
The worker ant is severely wounded.
* * * LOW HITPOINT WARNING * * *
You feel sick. The worker ant bites you.
You die...

.....#####.....#
*,**,,,,***,,, #..###
#.....# *,,+,,,,,*,,*,
##.# #.....#
****,,,,,,,*** ...##
#.....# *,,,,,*,** *
....# #.....#
*,***,,,,*** ....#
#.....# *,*,,,,*,,*,
....# ##.####
*,***,***,,, ....#
#.##########..,,,,*,,,,
###.##
#.#...@a.....#*,*,,,*,*
.....#
#.#.###)...#.#*,***,,,*
.....## #.#.#
*....#,**,,,,,,**
......# #...#
*.<..#,,,,*,****
....#.# #.###
*....#*,,,,,,,* ....#.#
#.# *......,*,***,**
....#.# #.# *.......,,*
*,,* .###### #.#**
*###....*** **,**
##**,,** #..,* *,,,,*
*,,,


You could see a worker ant.

Vanquished Creatures
  Sigmund (D:3)
  2 orc wizards (D:4)
  5 adders
  An ooze (D:3)
  3 worms
  3 dart slugs (D:1)
  3 leopard geckos
  12 orcs
  2 ball pythons
  8 bats
  4 giant cockroaches
  6 goblins
  7 hobgoblins
  A jackal (D:4)
  A quokka (D:2)
  3 frilled lizards
  3 kobolds
  A quokka skeleton (D:4)
  5 rats
71 creatures vanquished.

Notes
Turn   | Place    | Note
-------+----------+-------------------------------------------
     0 | D:1      | Mgcat the Human Berserker began the quest for the Orb.
     0 | D:1      | Reached XP level 1. HP: 18/18 MP: 1/1
    77 | D:1      | Reached XP level 2. HP: 19/24 MP: 2/2
   558 | D:1      | Reached skill level 4 in Axes
   558 | D:1      | Reached XP level 3. HP: 22/29 MP: 3/3
   737 | D:1      | Reached ** piety under Trog
  1109 | D:1      | You fall through a shaft!
  1180 | D:2      | Found a hide-covered altar of Uskayaw.
  1324 | D:2      | Reached XP level 4. HP: 34/35 MP: 4/4
  1523 | D:2      | Reached skill level 5 in Axes
  1940 | D:3      | Noticed Sigmund
  1953 | D:3      | Killed Sigmund
  1953 | D:3      | Reached skill level 6 in Axes
  1953 | D:3      | Reached XP level 5. HP: 30/41 MP: 5/5
  1953 | D:3      | Reached XP level 6. HP: 34/47 MP: 6/6
  2601 | D:3      | Found a sacrificial altar of Ru.
  2687 | D:3      | Reached skill level 7 in Axes
  3130 | D:4      | Reached XP level 7. HP: 24/52 MP: 7/7
  3136 | D:4      | HP: 2/78 [worker ant (2)]
  3137 | D:4      | Slain by a worker ant

Skill      XL: |  1  2  3  4  5  6 |
---------------+-------------------+-----
Axes           | 4 6 7 |  7.3
Fighting       | |  3.0
Armour         | |  2.0
Dodging        | |  2.0

Action                   |  1- 3 |  4- 6 |  7- 9 || total
-------------------------+-------+-------+-------++-------
Melee: Hand axe          |   108 |    34 |       ||   142
       Mace              |       |    83 |     5 ||    88
Invok: Berserk           |     1 |     2 |     1 ||     4
       Trog's Hand       |       |     1 |     1 ||     2
  Use: Scroll            |       |     7 |       ||     7
  Eat: Chunk             |     1 |     9 |       ||    10
Armor: Animal skin       |    18 |       |       ||    18
       Ring mail         |    38 |     3 |       ||    41
       Chain mail        |       |    48 |     1 ||    49
Dodge: Dodged            |   103 |    50 |     1 ||   154
